 Dungeon Crawl Stone Soup version 0.30-a0-166-g5d06c95188 (webtiles) character file.

Game seed: 13078691923236322912

374 qw the Chopper (level 6, -2/38 HPs)
             Began as a Gargoyle Fighter on Sept 28, 2022.
             Slain by a gnoll
             ... wielding a +0 spear
              (7 damage)
             ... on level 4 of the Dungeon.
             The game lasted 00:01:07 (4138 turns).

qw the Chopper (Gargoyle Fighter)                   Turns: 4138, Time: 00:01:08

Health: -2/38      AC: 14    Str: 21    XL:     6   Next: 72%
Magic:  6/6        EV:  7    Int:  9    God:
Gold:   354        SH:  4    Dex:  9    Spells: 5/5 levels left

rFire   . . .      SeeInvis +    Y - +1 war axe
rCold   . . .      Faith    .    c - +0 buckler
rNeg    + . .      Spirit   .    m - +0 chain mail
rPois   inf        Reflect  .    (no helmet)
rElec   +          Harm     .    (no cloak)
rCorr   +          Rampage  .    e - +0 pair of gloves
Will    .....                    (no boots)
Stlth   ..........               (no amulet)
HPRegen 0.12/turn                k - ring of see invisible
MPRegen 0.10/turn                b - ring of resist corrosion

@: no status effects
A: sickness immunity, AC +4, negative energy resistance 1, electricity
resistance, torment resistance 1, petrification resistance
a: no special abilities


You were on level 4 of the Dungeon.
You visited 2 branches of the dungeon, and saw 5 of its levels.

You collected 354 gold pieces.


Innate Abilities, Weirdness & Mutations

You are immune to sickness and miasma.
Your stone body is resilient. (AC +4)
You are immune to poison.
You resist negative energy. (rN+)
You are resistant to electric shocks. (rElec)
You are resistant to unholy torment.
You are immune to petrification.


   Skills:
 - Level 4.3 Fighting
 + Level 5.9 Axes
 - Level 3.2 Armour
 - Level 3.2 Shields


You had 5 spell levels left.
You didn't know any spells.
Your spell library was empty.

Inventory:

Hand Weapons
 l - a +0 flail
 Y - a +1 war axe (weapon)
Missiles
 h - 4 boomerangs (quivered)
Armour
 c - a +0 buckler (worn)
 e - a +0 pair of gloves (worn)
 m - a +0 chain mail (worn)
Jewellery
 b - a ring of resist corrosion (right hand)
 k - a ring of see invisible (left hand)
 o - a ring of positive energy
Scrolls
 a - a scroll of identify
Potions
 d - 2 potions of might
 f - a potion of mutation
 g - 2 potions of lignification
 j - a potion of heal wounds {unknown}
 n - 3 potions of curing

Dungeon Overview and Level Annotations

Branches:
Dungeon (4/15)             Temple (1/1) D:4

Altars:
Cheibriados
Dithmenos
Fedhas
Gozag
Kikubaaqudgha
Makhleb
Qazlal
Sif Muna
Vehumet
Wu Jian
Xom
Yredelemnul
Zin
The Shining One

Shops:
D:3 (


Message History

a +0 short sword; 4 stones; a kobold corpse
Found a leather armour.
A gnoll comes into view. It is wielding a +0 spear.
The gnoll shouts!
The gnoll moves out of view.
A gnoll comes into view. It is wielding a +0 spear.
4126 ||| Stepping ~*~*~tactically~*~*~ (stealth).
The gnoll moves out of view. 2 gnolls come into view.
The gnoll shouts! x2
4128 ||| Stepping ~*~*~tactically~*~*~ (hiding).
You start waiting.
A gnoll is nearby!
The gnoll hits you from afar with a +0 spear.
The gnoll hits you but does no damage. The gnoll hits you with a +0 spear.
The gnoll hits you from afar with a +0 spear!
The gnoll closely misses you.
You hit the gnoll but do no damage. The gnoll hits you but does no damage.
You block the gnoll's attack. The gnoll closely misses you.
You block the gnoll's attack.
The gnoll hits you from afar with a +0 spear.
The gnoll completely misses you.
You barely miss the gnoll. The gnoll hits you but does no damage.
The gnoll hits you from afar with a +0 spear. x2
You hit the gnoll.
The gnoll is heavily wounded.
The gnoll hits you but does no damage. x3
You slash the gnoll!
You kill the gnoll!
The gnoll hits you but does no damage.
The gnoll hits you from afar with a +0 spear!
The gnoll hits you but does no damage. The gnoll closely misses you.
You hit the gnoll.
The gnoll is lightly wounded.
You barely miss the gnoll. The gnoll barely misses you.
The gnoll hits you but does no damage. The gnoll hits you with a +0 spear!
You die...

..........#.....#######
<...).###.#.#.........#
............#.........#
.....####.#>#.........#
#....# #.#.#.........#
#....# #.#.#.........#
#....# #.#.....#####
#....# #.......#######
###### #.###.#.@g....#
# ### ####)g..#.# #
##.#.# .# .. .# ## ##


You could see 2 gnolls.

Vanquished Creatures
  A phantom (D:4)
  A necrophage (D:4)
  3 orc priests
  Terence (D:3)
  3 adders
  A gnoll (D:4)
  3 worms
  4 dart slugs
  7 orcs
  2 endoplasms
  5 giant cockroaches
  7 goblins
  6 hobgoblins
  4 kobolds
  A quokka (D:3)
  3 ball pythons
  7 bats
  3 frilled lizards
  7 rats
69 creatures vanquished.

Notes
Turn   | Place    | Note
-------+----------+-------------------------------------------
     0 | D:1      | qw the Gargoyle Fighter began the quest for the Orb.
     0 | D:1      | Reached XP level 1. HP: 14/14 MP: 1/1
     0 | D:1      | 0 ||| qw: Version: 0.2-a-12-gaebbb33
     0 | D:1      | 0 ||| qw: Game counter: 956
     0 | D:1      | 0 ||| qw: Always use a shield: true
     0 | D:1      | 0 ||| qw: God list: Okawaru
     0 | D:1      | 0 ||| qw: Allow faded altars: false
     0 | D:1      | 0 ||| qw: Do Orc after D:15 true
     0 | D:1      | 0 ||| qw: Do second Lair branch before Depths: true
     0 | D:1      | 0 ||| qw: Lair rune preference: random
     0 | D:1      | 0 ||| qw: Plans: Normal, Zot:1-4, God:TSO, Crypt, Tomb,
                  | Pan, Slime:5, Hells, Abyss, Orb
     0 | D:1      | 0 ||| PLANNING D:1-11
    76 | D:1      | 76 ||| Stepping ~*~*~tactically~*~*~ (stealth).
   112 | D:1      | Reached skill level 2 in Axes
   294 | D:1      | Reached XP level 2. HP: 19/19 MP: 2/2
   374 | D:1      | 374 ||| Stepping ~*~*~tactically~*~*~ (hiding).
   775 | D:1      | Reached skill level 3 in Axes
   780 | D:1      | 780 ||| DROPPING +0 club.
   810 | D:1      | 810 ||| READING 2 scrolls labelled NELEKH FUDE.
   811 | D:1      | 811 ||| READING 2 scrolls labelled BIBBEI MIAPSI.
   812 | D:1      | 812 ||| DROPPING scroll of vulnerability.
   944 | D:2      | You fall into a shaft and drop 2 floors!
   951 | D:4      | 951 ||| Stepping ~*~*~tactically~*~*~ (stealth).
   953 | D:4      | Reached XP level 3. HP: 23/23 MP: 3/3
   985 | D:4      | Noticed a phantom
   996 | D:4      | Killed a phantom
   997 | D:4      | Reached skill level 4 in Axes
   997 | D:4      | Reached XP level 4. HP: 25/28 MP: 4/4
  1030 | D:4      | 1030 ||| UPGRADING to +0 pair of gloves.
  1035 | D:4      | 1035 ||| UPGRADING to ring of see invisible.
  1036 | D:4      | 1036 ||| READING 3 scrolls of identify.
  1036 | D:4      | 1036 ||| IDENTIFYING amethyst potion
  1037 | D:4      | 1037 ||| READING 2 scrolls of identify.
  1037 | D:4      | 1037 ||| IDENTIFYING bubbling coppery potion
  1075 | D:3      | Found Evesin's Weapon Shop.
  1082 | D:3      | 1082 ||| SHOPLISTING +9 whip "Jellyslayer" {flame, rPois}
                  | (607 gold, have 124).
  1144 | D:3      | Reached XP level 5. HP: 26/32 MP: 5/5
  1305 | D:3      | Noticed Terence
  1321 | D:3      | Killed Terence
  1474 | D:3      | 1474 ||| DROPPING +0 whip.
  1482 | D:3      | Found a snail-covered altar of Cheibriados.
  1542 | D:3      | 1542 ||| UPGRADING to +0 chain mail.
  1552 | D:3      | 1552 ||| DROPPING +0 scale mail.
  1553 | D:3      | 1553 ||| READING 2 scrolls of identify.
  1553 | D:3      | 1553 ||| IDENTIFYING fuming ruby potion
  1554 | D:3      | 1554 ||| DROPPING potion of brilliance.
  1560 | D:3      | 1560 ||| FLEEEEING.
  1561 | D:3      | 1561 ||| STAIRDANCE
  1582 | D:2      | 1582 ||| Stepping ~*~*~tactically~*~*~ (stealth).
  1583 | D:2      | 1583 ||| Stepping ~*~*~tactically~*~*~ (stealth).
  1587 | D:2      | 1587 ||| Stepping ~*~*~tactically~*~*~ (hiding).
  1589 | D:2      | 1589 ||| Stepping ~*~*~tactically~*~*~ (hiding).
  1713 | D:2      | Reached skill level 5 in Axes
  2404 | D:2      | 2404 ||| Stepping ~*~*~tactically~*~*~ (hiding).
  2527 | D:2      | 2527 ||| UPGRADING to ring of resist corrosion.
  2528 | D:2      | 2528 ||| READING scroll labelled YKABISA DOVA.
  2529 | D:2      | 2529 ||| READING 3 scrolls labelled SEVVUNL FUVVAL.
  2530 | D:2      | 2530 ||| READING 2 scrolls of identify.
  2530 | D:2      | 2530 ||| IDENTIFYING golden potion
  2531 | D:2      | 2531 ||| DROPPING 2 scrolls of immolation.
  2558 | D:2      | 2558 ||| Stepping ~*~*~tactically~*~*~ (stealth).
  2719 | D:3      | Found a faded altar of an unknown god.
  2742 | D:3      | Reached XP level 6. HP: 20/38 MP: 6/6
  2748 | D:3      | HP: 9/38 [orc priest/divine providence (10)]
  2750 | D:3      | HP: 4/38 [orc priest/nerve-wracking pain (6)]
  3543 | D:3      | 3543 ||| READING scroll labelled HESEKH QYTOME.
  3791 | D:4      | Found a staircase to the Ecumenical Temple.
  3792 | D:4      | 3792 ||| PLANNING TEMPLE
  3800 | Temple   | Entered the Ecumenical Temple
  3826 | Temple   | 3826 ||| PLANNING D:1-11
  4126 | D:4      | 4126 ||| Stepping ~*~*~tactically~*~*~ (stealth).
  4128 | D:4      | 4128 ||| Stepping ~*~*~tactically~*~*~ (hiding).
  4136 | D:4      | HP: 5/38 [gnoll/+0 spear (7)]
  4138 | D:4      | Slain by a gnoll

Levels and vault maps discovered:
D:1:      lightli_arrival_chessboard, layout_loops_cross
D:2:      layout_basic, dk_noncrumbling_2
D:3:      layout_basic, slow_altar_2, serial_shops, shop_statue,
          ebering_ecumenical_altar_abandoned, kennysheep_path_1, uniq_terence
D:4:      layout_basic, mainiacjoe_overflow_alcove_2,
          minmay_temple_entry_large_hall, serial_curves, eino_curves_03,
          eino_curves_02, bh_walls_and_bars
Temple:   nicolae_temple_ecumenical_triangle

Skill      XL: |  1  2  3  4  5 |
---------------+----------------+-----
Axes           | 2 3 4 5 |  5.9
Fighting       | 4 |  4.3
Armour         | |  3.2
Shields        | |  3.2

Action                   |  1- 3 |  4- 6 || total
-------------------------+-------+-------++-------
Melee: War axe           |    70 |   119 ||   189
Throw: Boomerang         |     6 |    44 ||    50
  Use: Scroll            |     2 |     7 ||     9
Armor: Scale mail        |    46 |     9 ||    55
       Chain mail        |       |    48 ||    48
Dodge: Dodged            |    24 |    38 ||    62
Block: Buckler           |    14 |    20 ||    34

Table legend:
 A = Non-vault XP
 B = Vault XP
 C = Vault XP percentage of total XP
 D = Non-vault monster count
 E = Vault monster count
 F = Vault count percentage of total count
                 A         B        C        D         E       F
            +---------+---------+-------+---------+---------+-------
      Total |     492 |      43 |   8.0 |      67 |       2 |   2.9
            +---------+---------+-------+---------+---------+-------
        D:1 |      30 |       0 |   0.0 |      15 |       0 |   0.0
        D:2 |      61 |       0 |   0.0 |      18 |       0 |   0.0
        D:3 |     125 |      43 |  25.6 |      20 |       2 |   9.1
        D:4 |     276 |       0 |   0.0 |      14 |       0 |   0.0
            +---------+---------+-------+---------+---------+-------
